 Dungeon Sprint DCSS version 0.20-a0-850-ge5a7832 (webtiles) character file.

26 Laan the Magician (level 2, -1/15 HPs)
             Began as a Deep Elf Fire Elementalist on Mar 10, 2017.
             Was an Initiate of Vehumet.
             Slain by an air elemental (15 damage)
             ... in the Dungeon (Sprint V: "Ziggurat Sprint").
             The game lasted 00:06:21 (239 turns).

Laan the Magician (Deep Elf Fire Elementalist)       Turns: 239, Time: 00:06:22

Health: -1/15      AC:  2    Str:  5    XL:     2   Next: 89%
Magic:  9/11       EV: 12    Int: 31    God:    Vehumet [......]
Gold:   0          SH:  6    Dex: 15    Spells: 13/14 levels left

rFire    . . .     SeeInvis .   o - staff of energy
rCold    . . .     Gourm    .   a - +0 robe
rNeg     . . .     Faith    .   p - +3 buckler
rPois    .         Spirit   .   (no helmet)
rElec    .         Reflect  .   (no cloak)
rCorr    .         Harm     .   (no gloves)
MR       .....     NoTele   +   (no boots)
Stlth    ++........             (no amulet)
Regen    0.1/turn               w - +6 ring of intelligence
MPRegen  0.2/turn               v - +6 ring of intelligence

@: no status effects
A: no striking features
a: Renounce Religion


You were in the Dungeon.
You worshipped Vehumet.
Vehumet was noncommittal.
You were not hungry.

You visited 1 branch

Inventory:

Armour
 a - a +0 robe (worn)
 p - a +3 buckler (worn)
 q - a +3 large shield
 r - a +3 shield
Magical Staves
 o - an uncursed staff of energy (weapon)
Jewellery
 v - a +6 ring of intelligence (left hand)
 w - a +6 ring of intelligence (right hand)
Scrolls
 i - 4 scrolls of blinking
 k - a scroll of holy word
 l - 5 scrolls of identify
 m - 5 scrolls of remove curse
Potions
 d - 10 potions of curing
 e - 10 potions of heal wounds
 f - 6 potions of haste
 g - 7 potions of magic
 h - a potion of berserk rage
 s - 2 potions of brilliance
 u - 4 potions of resistance
Books
 b - a book of Flames

   Spells                             Type                      Level
   a - Flame Tongue                   Conjuration/Fire             1
   b - Throw Flame                    Conjuration/Fire             2
   c - Conjure Flame                  Conjuration/Fire             3
   d - Inner Flame                    Hexes/Fire                   3
   e - Sticky Flame                   Conjuration/Fire             4
   f - Fireball                       Conjuration/Fire             5
Miscellaneous
 x - a crystal ball of energy
Comestibles
 c - 5 bread rations
 j - 4 meat rations
 n - 2 chunks of flesh


   Skills:
 - Level 2.4 Dodging
 - Level 2.4 Stealth
 + Level 6.7 Spellcasting
 + Level 5.1 Conjurations
 + Level 6.1 Fire Magic


You had 13 spell levels left.
You knew the following spells:

 Your Spells              Type           Power        Failure   Level  Hunger
a - Flame Tongue          Conj/Fire      #####        1%          1    None


Dungeon Overview and Level Annotations

Branches:
Dungeon (1/1)

Altars:
Ashenzari
Cheibriados
Dithmenos
Elyvilon
Fedhas
Gozag
Hepliaklqana
Kikubaaqudgha
Makhleb
Nemelex Xobeh
Okawaru
Qazlal
Ru
Sif Muna
Trog
Uskayaw
Vehumet
Wu Jian
Xom
Yredelemnul
Zin
The Shining One
Beogh
Jiyva
Lugonu


Message History

2 air elementals and an insubstantial wisp come into view.
Found three items.
The insubstantial wisp gives a chilling moan.
Casting: Flame Tongue
Confirm with . or Enter, or press ? or * to list all spells.
Aiming: Flame Tongue
Press: ? - help, Shift-Dir - straight line, f - air elemental
Aim: an air elemental (hasn't noticed you)
The flame tongue misses the air elemental.
You block the air elemental's attack.
Casting: Flame Tongue
Confirm with . or Enter, or press ? or * to list all spells.
Aiming: Flame Tongue
Press: ? - help, Shift-Dir - straight line, f/p - air elemental
Aim: an air elemental The flame tongue misses the air elemental.
The air elemental closely misses you. You block the air elemental's attack.
The air elemental hits you!
Ouch! That really hurt!
You die...

▓▓▓▓▓▓▓▓▓▓▓▓▓
▓.8©8.▓.8©8.▓
▓.))).▓.....▓
▓.....▓.).}.▓
▓..v..▓.....▓
▓.EE..▓.....▓
▓..@..▓.....▓
▓.....▓▓▓▓▓▓▓
▓▓▓▓▓▓▓


You could see 2 air elementals and an insubstantial wisp.

Vanquished Creatures
  2 adders (D)
2 creatures vanquished.

Vanquished Creatures (others)
  A spatial maelstrom (D)
1 creature vanquished.

Grand Total: 3 creatures vanquished

Notes
Turn   | Place    | Note
-------+----------+-------------------------------------------
     0 | D        | Laan the Deep Elf Fire Elementalist began the quest for the Orb.
     0 | D        | Reached XP level 1. HP: 10/10 MP: 6/6
     0 | D        | Found a deep blue altar of Sif Muna.
     0 | D        | Found a bloodstained altar of Trog.
     0 | D        | Found a sacrificial altar of Ru.
     0 | D        | Found a stormy altar of Qazlal.
     0 | D        | Found an iron altar of Okawaru.
     5 | D        | Found a sparkling altar of Nemelex Xobeh.
     6 | D        | Found a corrupted altar of Lugonu.
     6 | D        | Found a burning altar of Makhleb.
     6 | D        | Found an ancient bone altar of Kikubaaqudgha.
     6 | D        | Found a viscous altar of Jiyva.
     6 | D        | Banished a spatial maelstrom
    10 | D        | Found a hazy altar of Hepliaklqana.
    12 | D        | Found an opulent altar of Gozag.
    13 | D        | Found a blossoming altar of Fedhas.
    25 | D        | Became a worshipper of Vehumet
   126 | D        | Reached skill level 5 in Fire Magic
   126 | D        | Reached XP level 2. HP: 15/15 MP: 7/11
   145 | D        | Entered arena 1.
   153 | D        | Reached skill level 5 in Conjurations
   236 | D        | Entered arena 2.
   236 | D        | Noticed an air elemental
   236 | D        | Noticed an air elemental
   236 | D        | Noticed an insubstantial wisp
   239 | D        | Slain by an air elemental

Vault maps used:
D:        sprint_v

Skill      XL: |  1  2 |
---------------+-------+-----
Spellcasting   | 6 |  6.7
Conjurations   | 4 5 |  5.1
Fire Magic     | 5 6 |  6.1
Dodging        | |  2.4
Stealth        | |  2.4

Action                   || total
-------------------------++-------
 Cast: Flame Tongue      ||    10
  Use: Potion            ||     1
Dodge: Dodged            ||     6
Block: Buckler           ||     4
